AoeStats
← az89

Black Forest

509754597Analyzed
4v4 RM · 3d ago on Sep 27, 2026· 51m 29s· 8 players
Game mode
Random Map
Map size
Large (8 player)
Population
200
Speed
Normal
Resources
Standard
Victory
Conquest
Starting age
Dark Age
Ending age
Imperial Age
RankedLock teamsTeams togetherTeam positionsShared explorationLock speedFull tech treeHidden civsTurbo modeCheats
Victory
Defeat
🇦🇺 Jurchens · Australia
880
+12
🇦🇺 Romans · Australia
856
+13
🇦🇷 Burgundians · Argentina
831
+14
🇬🇧 Khmer · United Kingdom
777
+17
🇲🇽 Burgundians · Mexico
899
-17
🇺🇸 Franks · United States
788
-30
🇲🇽 Mongols · Mexico
782
-14
🇲🇽 Huns · Mexico
719
-11
eliasamicone24
0:37 Loom
8:19 Wheelbarrow
12:07 Feudal Age
11:50 Double-Bit Axe
13:09 Hand Cart
13:15 Bow Saw
20:55 Castle Age
18:57 Horse Collar
19:15 Gold Mining
19:38 Stone Mining
21:54 Gold Shaft Mining
23:42 Two-Man Saw
32:14 Imperial Age
31:20 Fortified Wall
32:03 Caravan
32:30 Ballistics
34:29 Chemistry
34:01 Husbandry
33:23 Cavalier
33:30 Pikeman
34:10 Squires
33:56 Arson
35:19 Heavy Plow
35:21 Light Cavalry
35:58 Treadmill Crane
36:13 Murder Holes
35:42 Halberdier
37:45 Stone Shaft Mining
42:05 Conscription
41:17 Hussar
43:04 Forging
42:54 Scale Mail Armor
42:59 Scale Barding Armor
47:28 Elite Coustillier
48:16 Burgundian Vineyards
47:44 Flemish Revolution
AussieHoon
2:56 Loom
21:19 Feudal Age
24:20 Wheelbarrow
30:04 Castle Age
28:32 Gold Mining
29:16 Horse Collar
33:30 Fletching
37:20 Bodkin Arrow
38:27 Heavy Plow
39:16 Fortified Wall
40:53 Hand Cart
42:28 Gold Shaft Mining
42:26 Double-Bit Axe
44:34 Caravan
44:59 Siege Engineers
45:21 Padded Archer Armor
45:43 Ballistics
45:54 Stone Mining
49:12 Imperial Age
47:31 Leather Archer Armor
50:02 Heavy Rocket Cart
50:48 Bracer
51:19 Ring Archer Armor
Done
2:30 Loom
16:51 Feudal Age
19:57 Castle Age
17:53 Gold Mining
17:45 Horse Collar
17:54 Double-Bit Axe
18:05 Stone Mining
20:21 Town Watch
22:26 Fletching
29:40 Imperial Age
30:51 Wheelbarrow
30:50 Scale Barding Armor
30:25 Crossbowman
32:46 Heavy Plow
34:25 Gold Shaft Mining
35:13 Hand Cart
36:49 Town Patrol
38:07 Conscription
37:59 Bow Saw
39:13 Husbandry
39:23 Bloodlines
39:49 Caravan
43:27 Chain Barding Armor
44:07 Elite Ballista Elephant
45:17 Caravan
46:19 Plate Barding Armor
46:19 Crop Rotation
46:25 Siege Engineers
46:47 Ballistics
48:43 Elite Battle Elephant
az89
1:23 Loom
14:15 Feudal Age
15:04 Double-Bit Axe
16:39 Wheelbarrow
16:55 Town Watch
17:05 Gold Mining
17:13 Stone Mining
20:40 Horse Collar
26:15 Castle Age
27:35 Bow Saw
28:06 Gold Shaft Mining
27:34 Heavy Plow
33:10 Hand Cart
37:09 Imperial Age
35:44 Caravan
36:39 Man-at-Arms
37:19 Squires
39:50 Crop Rotation
39:28 Scale Mail Armor
39:39 Forging
39:55 Conscription
40:42 Comitatenses
40:31 Long Swordsman
41:45 Scale Barding Armor
42:16 Iron Casting
42:52 Elite Centurion
43:59 Chain Barding Armor
45:21 Plate Barding Armor
45:47 Blast Furnace
decs0793
14:09 Feudal Age
16:13 Horse Collar
16:27 Gold Mining
26:45 Castle Age
28:00 Elite Skirmisher
30:38 Elite Skirmisher
37:59 Imperial Age
39:58 Pikeman
42:26 Wheelbarrow
43:57 Conscription
48:47 Marauders
50:03 Loom
PSA
2:29 Loom
10:54 Feudal Age
14:19 Man-at-Arms
14:55 Double-Bit Axe
22:08 Scale Barding Armor
22:03 Scale Mail Armor
26:10 Castle Age
28:13 Chain Barding Armor
28:09 Chain Mail Armor
28:06 Forging
27:59 Light Cavalry
28:39 Husbandry
mau.mnry
3:23 Loom
12:59 Feudal Age
18:10 Castle Age
17:42 Double-Bit Axe
19:14 Bow Saw
26:23 Masonry
27:37 Pikeman
29:48 Man-at-Arms
34:45 Fortified Wall
34:29 Stone Mining
38:32 Imperial Age
36:43 Stone Shaft Mining
35:58 Gold Mining
40:33 Gold Shaft Mining
41:21 Onager
43:20 Wheelbarrow
46:26 Drill
46:18 Nomads
46:40 Conscription
joseabrojo
0:29 Loom
10:13 Double-Bit Axe
15:52 Feudal Age
22:23 Wheelbarrow
22:04 Bow Saw
21:39 Horse Collar
22:23 Fletching
24:28 Hand Cart
26:52 Castle Age
26:02 Gold Mining
26:04 Stone Mining
26:44 Forging
27:33 Gold Shaft Mining
28:45 Husbandry
28:06 Cavalier
28:51 Heavy Plow
31:24 Scale Barding Armor
34:40 Iron Casting
36:31 Crop Rotation
39:26 Two-Man Saw
41:13 Stone Shaft Mining
43:18 Imperial Age
41:01 Fortified Wall
40:33 Treadmill Crane
41:21 Squires
41:07 Arson
40:44 Light Cavalry
41:22 Bodkin Arrow
41:32 Scale Mail Armor
44:12 Ballistics
43:24 Paladin
44:45 Conscription
45:34 Hussar
47:50 Chain Barding Armor
48:31 Blast Furnace
48:07 Masonry
49:16 Flemish Revolution
50:32 Plate Barding Armor
50:12 Chain Mail Armor
Connection lost

Rejoining the realm…

Still unreachable

The connection could not be restored.

Session expired

The server has moved on; the page needs a fresh start.